 Dungeon Crawl Stone Soup version 0.25.0-10-g039870e (webtiles) character file.

Game seed: 6682867830837467194

441 ratboy the Ruffian (level 7, -4/57 HPs)
             Began as a Ghoul Earth Elementalist on June 23, 2020.
             Slain by Menkaure (15 damage)
             ... on level 4 of the Dungeon on June 24, 2020.
             The game lasted 00:08:41 (2971 turns).

ratboy the Ruffian (Ghoul Earth Elementalist)       Turns: 2971, Time: 00:08:42

Health: -4/57      AC: 10    Str: 14    XL:     7   Next: 2%
Magic:  6/8        EV:  9    Int: 10    God:
Gold:   154        SH:  0    Dex:  9    Spells: 6/9 levels left

rFire    . . .     SeeInvis .     - Unarmed
rCold    + + .     Gourm    .   (no shield)
rNeg     + + +     Faith    .   o - +1 scale mail {rC+}
rPois    ∞         Spirit   .   (no helmet)
rElec    .         Reflect  .   l - +2 cloak
rCorr    .         Harm     .   (no gloves)
MR       .....                  (no boots)
Stlth    ..........             (no amulet)
HPRegen  0.00/turn              (no ring)
MPRegen  0.11/turn              (no ring)

@: very slightly contaminated, rotting
A: rotting body, claws 1, carnivore, cold resistance 1, negative energy
resistance 3, inhibited regeneration, torment resistance, unbreathing
a: no special abilities


You were on level 4 of the Dungeon.
You were not hungry.

You visited 1 branch of the dungeon, and saw 4 of its levels.

You collected 154 gold pieces.

Inventory:

Hand Weapons
 n - a +2 falchion of protection
Missiles
 b - 43 stones (quivered)
Armour
 h - a cursed +0 robe
 l - a +2 cloak (worn)
 o - a +1 scale mail of cold resistance (worn)
Jewellery
 g - an uncursed ring of ice
Scrolls
 c - a scroll of amnesia {unknown}
 e - 6 scrolls of remove curse {unknown}
 f - a scroll of blinking {unknown}
 i - a scroll of identify {unknown}
 j - 2 scrolls of enchant armour {unknown}
 k - 2 scrolls of magic mapping {unknown}
 m - 3 scrolls of teleportation {unknown}
Potions
 a - a potion of heal wounds {unknown}
 p - a potion of lignification {unknown}
Comestibles
 d - 7 rations
 q - 9 chunks of flesh


   Skills:
 + Level 3.3 Fighting
 - Level 1.7 Dodging
 - Level 2.1 Stealth
 + Level 5.5 Unarmed Combat
 - Level 1.7 Spellcasting
 - Level 0.8 Transmutations
 + Level 4.9 Earth Magic


You had 6 spell levels left.
You knew the following spells:

 Your Spells              Type           Power        Failure   Level  Hunger
a - Sandblast             Erth           ##....       19%         1    ##.....
b - Passwall              Tmut/Erth      #.......     56%         2    ###....

Your spell library contained the following spells:

 Spells                   Type           Power        Failure   Level  Hunger
 Stone Arrow              Conj/Erth      #.....       85%         3    ####...
 Petrify                  Tmut/Erth      #.......     99%         4    #####..
 Lee's Rapid Deconstruct  Erth           ##........   99%         5    ######.


Dungeon Overview and Level Annotations

Branches:
Dungeon (4/15)
 Temple: D:4-7

Altars:
Ashenzari
Cheibriados
Okawaru
Xom

Annotations:
D:2 1 runed translucent door, Crazy Yiuf
D:4 1 runed translucent door, Menkaure; frankcastle's ghost, amateur FoFi


Innate Abilities, Weirdness & Mutations

Your body is rotting away.
You thrive on raw meat.
You are immune to poison.
You have sharp fingernails.
You are carnivorous and can eat meat at any time.
Your flesh is cold resistant. (rC+)
You are immune to negative energy. (rN+++)
You do not regenerate when monsters are visible.
You are immune to unholy pain and torment.
You can survive without breathing.


Message History

Casting: Sandblast (safe; 19% risk of failure)
Confirm with . or Enter, or press ? or * to list all spells.
Aiming: Sandblast (safe; 19% risk of failure)
Press: ? - help, Shift-Dir - straight line, f - Menkaure
Aim: Menkaure (heavily damaged, fast)
You miscast Sandblast.
You are very lightly contaminated with residual magic.
Nothing appears to happen.
Menkaure hits you.
* * * LOW HITPOINT WARNING * * *
Casting: Sandblast (safe; 19% risk of failure)
Confirm with . or Enter, or press ? or * to list all spells.
Aiming: Sandblast (safe; 19% risk of failure)
Press: ? - help, Shift-Dir - straight line, f/p - Menkaure
Aim: Menkaure (heavily damaged, fast)
The blast of sand hits Menkaure!
Menkaure is severely damaged.
b - 43 stones Menkaure whispers a few words.
Menkaure hits you but does no damage. Menkaure hits you!
You die...

##### ###...## ###
.. ......# ..## #..
.....## ...## #...
#.....## ....#
#..###......# _...#
#..#........##
....#
#.......nMZ..#
...###
#......####.....
..##.# #....### .(.
.##..# #...## # #
.##..## ##..## #..
.##...# #..####....
###...###.........#
..#...##........##
.........).....##


You could see Menkaure (fast) and a bullfrog skeleton.

Vanquished Creatures
  Sigmund (D:2)
  A hound (D:4)
  Jessica (D:2)
  Terence (D:3)
  Natasha (thrice) (D:2)
  A hound skeleton (D:4)
  An adder (D:2)
  An ooze (D:2)
  2 adder skeletons (D:4)
  3 worms
  7 leopard geckos
  11 orcs
  4 giant cockroaches
  10 goblins
  2 hobgoblins (D:1)
  8 jackals
  A quokka (D:3)
  A ball python skeleton (D:4)
  7 bats
  3 frilled lizards
  4 kobolds (D:1)
  9 rats
82 creatures vanquished.

Notes
Turn   | Place    | Note
-------+----------+-------------------------------------------
     0 | D:1      | ratboy the Ghoul Earth Elementalist began the quest for the
                  | Orb.
     0 | D:1      | Reached XP level 1. HP: 14/14 MP: 2/2
    97 | D:1      | Reached skill level 1 in Unarmed Combat
   105 | D:1      | Reached XP level 2. HP: 8/20 MP: 1/3
   223 | D:1      | Reached skill level 2 in Unarmed Combat
   646 | D:1      | Reached XP level 3. HP: 20/26 MP: 4/4
   749 | D:1      | Reached skill level 3 in Unarmed Combat
   825 | D:2      | Noticed Jessica
   835 | D:2      | Killed Jessica
   890 | D:1      | Reached XP level 4. HP: 26/33 MP: 5/5
   917 | D:2      | Reached skill level 4 in Unarmed Combat
   957 | D:2      | Noticed Natasha
   969 | D:2      | Killed Natasha
   990 | D:2      | Noticed Natasha
  1011 | D:2      | Killed Natasha
  1011 | D:2      | Reached skill level 1 in Fighting
  1011 | D:2      | Reached XP level 5. HP: 25/40 MP: 1/6
  1153 | D:2      | Noticed Natasha
  1161 | D:2      | Killed Natasha
  1213 | D:2      | Found a runed translucent door.
  1214 | D:2      | Noticed Crazy Yiuf
  1331 | D:2      | Noticed Sigmund
  1340 | D:2      | Killed Sigmund
  1340 | D:2      | Reached skill level 5 in Unarmed Combat
  1340 | D:2      | Reached XP level 6. HP: 33/50 MP: 0/7
  1664 | D:3      | Learned a level 2 spell: Passwall
  1730 | D:3      | Found a shimmering altar of Xom.
  1945 | D:3      | Noticed Terence
  1981 | D:3      | Killed Terence
  2383 | D:4      | Found a snail-covered altar of Cheibriados.
  2480 | D:4      | Found a shattered altar of Ashenzari.
  2670 | D:4      | Noticed frankcastle's ghost (amateur FoFi)
  2677 | D:4      | Found a runed translucent door.
  2863 | D:4      | Found an iron altar of Okawaru.
  2913 | D:4      | Reached XP level 7. HP: 49/57 MP: 8/8
  2960 | D:4      | Noticed Menkaure
  2971 | D:4      | Slain by Menkaure

Illustrated notes

Levels and vault maps discovered:
D:1:      saegor_arrival_simple_b, layout_basic
D:2:      layout_rooms, uniq_jessica, uniq_natasha, uniq_sigmund,
          uniq_crazy_yiuf_cottage
D:3:      layout_basic, xom_teletrap_fun, uniq_terence
D:4:      layout_layer_cave, lemuel_round_altar, kennysheep_mini,
          ashenzari_altar_1, first_ration, serial_shops, shop_statue,
          hellmonk_ghost_happy_afterlife, uniq_menkaure

Skill      XL: |  1  2  3  4  5  6 |
---------------+-------------------+-----
Unarmed Combat | 1 2 3 4 5 |  5.5
Fighting       | 1 2 3 |  3.3
Earth Magic    | 4 |  4.9
Dodging        | |  1.7
Stealth        | |  2.1
Spellcasting   | |  1.7
Transmutations | |  0.8

Action                   |  1- 3 |  4- 6 |  7- 9 || total
-------------------------+-------+-------+-------++-------
Melee: Unarmed           |   125 |   229 |     5 ||   359
       Punch             |       |     1 |       ||     1
Throw: Stone             |       |     1 |       ||     1
 Cast: Sandblast         |     6 |    16 |     1 ||    23
  Eat: Chunk             |    11 |    17 |       ||    28
Armor: Robe              |     4 |       |       ||     4
       Ring mail         |    59 |    55 |       ||   114
       Scale mail        |       |    45 |     1 ||    46
Dodge: Dodged            |   103 |   121 |     1 ||   225
